 Dungeon Crawl Stone Soup version 0.23-a0-389-g4a5eb33 (webtiles) character file.

96 iamserjio the Chiller (level 4, -7/25 HPs)
             Began as a Deep Elf Wanderer on Oct 29, 2018.
             Mangled by a gnoll
             ... wielding a +0 halberd
              (14 damage)
             ... on level 2 of the Dungeon.
             The game lasted 00:06:31 (830 turns).

iamserjio the Chiller (Deep Elf Wanderer)            Turns: 830, Time: 00:06:32

Health: -7/25      AC:  2    Str: 10    XL:     4   Next: 41%
Magic:  2/11       EV: 12    Int: 18    God:
Gold:   186        SH:  0    Dex: 13    Spells: 0/10 levels left

rFire    . . .     SeeInvis .   e - +0 dagger
rCold    . . .     Gourm    .   (no shield)
rNeg     . . .     Faith    .   d - +0 robe
rPois    .         Spirit   .   (no helmet)
rElec    .         Reflect  .   (no cloak)
rCorr    .         Harm     .   (no gloves)
MR       .....                  (no boots)
Stlth    ++........             (no amulet)
HPRegen  0.08/turn              b - ring of wizardry
MPRegen  0.12/turn              (no ring)

@: very slightly contaminated
A: no striking features
a: no special abilities


You were on level 2 of the Dungeon.
You were not hungry.

You visited 1 branch of the dungeon, and saw 3 of its levels.

You collected 186 gold pieces.

Inventory:

Hand Weapons
 e - a +0 dagger (weapon)
 g - a +0 vampiric spear
Missiles
 a - a stone (quivered)
 j - 25 arrows
Armour
 d - a +0 robe (worn)
Jewellery
 b - a ring of wizardry (left hand)
Scrolls
 c - 3 scrolls of identify {unknown}
 i - a scroll of enchant armour {unknown}
 k - a scroll of remove curse {unknown}
 m - a scroll of teleportation {unknown}
Potions
 h - a potion of ambrosia {unknown}
 l - 2 potions of berserk rage {unknown}
 n - a potion of flight {unknown}
 o - 2 potions of resistance {unknown}
Comestibles
 f - 8 rations


   Skills:
 - Level 1.0 Fighting
   Level 1.1 Bows
 - Level 1.0 Throwing
 - Level 1.0 Armour
 + Level 2.1 Dodging
 - Level 1.2 Stealth
 + Level 3.9 Spellcasting
 * Level 0.1 Summonings
 + Level 1.1 Transmutations
 + Level 4.5 Ice Magic


You couldn't memorise any spells.
You knew the following spells:

 Your Spells              Type           Power        Failure   Level  Hunger
a - Freeze                Ice            ###.         1%          1    None
b - Ozocubu's Armour      Chrm/Ice       ##......     7%          3    ###....
c - Sticks to Snakes      Tmut           #.......     6%          2    ##.....
d - Summon Ice Beast      Ice/Summ       ##......     22%         4    ####...

Your spell library contained the following spells:

 Spells                   Type           Power        Failure   Level  Hunger
 Throw Frost              Conj/Ice       ##....       3%          2    ##.....
 Passwall                 Tmut/Erth      #.......     8%          2    ##.....
 Throw Icicle             Conj/Ice       ##......     22%         4    ####...


Dungeon Overview and Level Annotations

Branches:
Dungeon (3/15)

Altars:
Elyvilon

Annotations:
D:2 Sigmund


Message History

* * * LOW HITPOINT WARNING * * *
Casting: Freeze (safe; 1% risk of failure)
Aiming: Freeze (safe; 1% risk of failure)
Aim: a dart slug (severely wounded, clinging)
You freeze the dart slug.
You kill the dart slug!
Casting: Freeze (safe; 1% risk of failure)
Okay, then.
Casting: Freeze (safe; 1% risk of failure)
A chill wind blows around you.
Your ice beast hits the gnoll.
Your ice beast freezes the gnoll!
Casting: Summon Ice Beast (slightly dangerous; 22% risk of failure)
Okay, then.
Casting: Summon Ice Beast (slightly dangerous; 22% risk of failure)
You miscast Sticks to Snakes.
You are very lightly contaminated with residual magic.
Multicoloured lights dance before your eyes!
The gnoll hits you from afar with a +0 halberd!
Ouch! That really hurt!
You die...

#...####.#### ####
#..........# ..#
#<)..<..##.#### #.#
#.########..>..
####.#### #.# ######
#.......# #.#
#.......# #.#
.##.##†......######.#
.............Yg.@...#
.##.##........#######
#........#
...........#
##.......#.#
#########.# #.. ####


You could see a gnoll and a friendly ice beast.

Vanquished Creatures
  3 adders
  A gnoll (D:2)
  2 oozes
  A worm (D:3)
  2 dart slugs
  A leopard gecko (D:1)
  4 giant cockroaches
  5 goblins
  A hobgoblin (D:2)
  4 jackals (D:1)
  2 kobolds
  A quokka (D:3)
  2 ball pythons
  8 bats
  2 frilled lizards (D:1)
  6 rats
45 creatures vanquished.

Notes
Turn   | Place    | Note
-------+----------+-------------------------------------------
     0 | D:1      | iamserjio the Deep Elf Wanderer began the quest for the
                  | Orb.
     0 | D:1      | iamserjio set off with the following items: a potion of
                  | curing {@q1}, a +0 robe, a +0 dagger, a ration; and the
                  | following spell memorised: Freeze; and the following spells
                  | available to memorise: Throw Frost, Passwall, Sticks to
                  | Snakes, Ozocubu's Armour, Summon Ice Beast, Throw Icicle
     0 | D:1      | Reached XP level 1. HP: 12/12 MP: 6/6
    47 | D:1      | Reached XP level 2. HP: 13/16 MP: 0/8
   209 | D:1      | Reached skill level 1 in Dodging
   387 | D:2      | Reached skill level 4 in Ice Magic
   387 | D:2      | Reached XP level 3. HP: 20/20 MP: 7/10
   392 | D:2      | Learned a level 3 spell: Ozocubu's Armour
   395 | D:2      | Learned a level 2 spell: Sticks to Snakes
   504 | D:3      | Found a white marble altar of Elyvilon.
   597 | D:3      | Reached XP level 4. HP: 4/25 MP: 8/11
   614 | D:3      | Reached skill level 1 in Transmutations
   665 | D:2      | Noticed Sigmund
   756 | D:3      | Learned a level 4 spell: Summon Ice Beast
   830 | D:2      | Mangled by a gnoll

Vault maps used:
D:1:      sevenhm_arrival_forest_fort_small_4
D:2:      fedhas_altar_4, uniq_sigmund
D:3:      lemuel_coloured_pillars_altar, first_ration, minmay_strange_pillars

Skill      XL: |  1  2  3  4 |
---------------+-------------+-----
Dodging        | 1 2 |  2.1
Ice Magic      | 4 |  4.5
Transmutations | 1 |  1.1
Fighting       | |  1.0
Bows           | |  1.1
Throwing       | |  1.0
Armour         | |  1.0
Stealth        | |  1.2
Spellcasting   | |  3.9
Summonings     | |  0.1

Action                   |  1- 3 |  4- 6 || total
-------------------------+-------+-------++-------
Melee: Dagger            |    16 |     3 ||    19
 Cast: Freeze            |    41 |    27 ||    68
       Summon Ice Beast  |       |     1 ||     1
  Use: Potion            |     1 |       ||     1
 Stab: Sleeping          |     4 |       ||     4
Armor: Robe              |     6 |     5 ||    11
Dodge: Dodged            |    17 |    14 ||    31

Table legend:
 A = Non-vault XP
 B = Vault XP
 C = Vault XP percentage of total XP
 D = Non-vault monster count
 E = Vault monster count
 F = Vault count percentage of total count
                 A         B        C        D         E       F
            +---------+---------+-------+---------+---------+-------
      Total |     138 |       0 |   0.0 |      45 |       0 |   0.0
            +---------+---------+-------+---------+---------+-------
        D:1 |      32 |       0 |   0.0 |      15 |       0 |   0.0
        D:2 |      58 |       0 |   0.0 |      18 |       0 |   0.0
        D:3 |      48 |       0 |   0.0 |      12 |       0 |   0.0
            +---------+---------+-------+---------+---------+-------
